General information
- name: BNet
- type: Ladder 1vs1/FFA
- host: Battle.net
- saver: Mr.Mister
map: LostTemple
- players: 2
- length: 61:47
- speed: Fast
- version: 1.27 W3XP
- replay type: Public
» download(144 KB)
Players
team 1 (loser)
zissou (
pink | 17 APM | 1028 actions | 61:38)
5 Crypt Lord
2 Impale
2 Spiked Carapace
1 Carrion Beetles
» actions
| Build / train | 136 | |
| ESC pressed | 4 | |
| Enter build submenu | 28 | |
| Enter hero's abilities submenu | 5 | |
| Right click | 411 | |
| Select / deselect | 393 | |
| Use ability | 51 | |
1028 total
» units
| Acolyte | 27 | |
| Ghoul | 12 | |
| Crypt Fiend | 27 | |
| Meatwagon | 6 | |
| Abomination | 18 | |
| Frost Wyrm | 13 | |
103 total
» upgrades
| Creature Carapace | 3 | |
| Creature Attack | 3 | |
| Unholy Armor | 3 | |
| Unholy Strength | 3 | |
| Web | 1 | |
| Disease Cloud | 1 | |
| Freezing Breath | 1 | |
15 total
» buildings
| Altar of Darkness | 1 | |
| Ziggurat | 12 | |
| Crypt | 2 | |
| Nerubian Tower | 1 | |
| Graveyard | 1 | |
| Halls of the Dead | 1 | |
| Spirit Tower | 6 | |
| Slaughterhouse | 1 | |
| Black Citadel | 1 | |
| Sacrificial Pit | 1 | |
| Boneyard | 2 | |
29 total
» build order
00:10 Altar of Darkness
00:16 Ziggurat
00:35 Crypt
01:01 Ziggurat
01:24 Crypt
01:43 Nerubian Tower
01:56 Graveyard
04:54 Ziggurat
05:55 Halls of the Dead
05:59 Ziggurat
07:28 Spirit Tower
07:30 Spirit Tower
08:31 Slaughterhouse
09:55 Ziggurat
13:16 Ziggurat
15:32 Black Citadel
16:26 Spirit Tower
16:27 Spirit Tower
19:39 Ziggurat
20:23 Ziggurat
21:03 Ziggurat
21:41 Spirit Tower
22:38 Spirit Tower
39:23 Sacrificial Pit
40:20 Boneyard
43:44 Ziggurat
44:06 Boneyard
45:09 Ziggurat
45:51 Ziggurat
» items
| Scroll of Town Portal | 1 | |
| Scroll of Healing | 2 | |
3 total
team 2 (winner)
Mr.Mister (
yellow | 52 APM | 3199 actions | 61:47)
6 Archmage
3 Blizzard
2 Brilliance Aura
1 Mass Teleport
5 Blood Mage
3 Flame Strike
2 Siphon Mana
4 Mountain King
2 Storm Bolt
2 Bash
» actions
| Assign group hotkey | 54 | |
| Basic commands | 214 | |
| Build / train | 166 | |
| ESC pressed | 1 | |
| Enter build submenu | 88 | |
| Enter hero's abilities submenu | 15 | |
| Give item / drop item | 15 | |
| Right click | 1002 | |
| Select / deselect | 745 | |
| Select group hotkey | 409 | |
| Use ability | 488 | |
3199 total
» units
| Peasant | 17 | |
| Goblin Shredder | 2 | |
| Goblin Zeppelin | 2 | |
| Dragonhawk Rider | 3 | |
| Sorceress | 2 | |
| Gryphon Rider | 2 | |
28 total
» upgrades
| Masonry | 3 | |
| Armor | 3 | |
| Animal War Training | 1 | |
| Magic Sentry | 1 | |
| Sorceress Training | 2 | |
| Swords | 3 | |
| Cloud | 1 | |
| Storm Hammers | 1 | |
| Gunpowder | 1 | |
| Priest Training | 1 | |
17 total
» buildings
| Altar of Kings | 2 | |
| Farm | 16 | |
| Arcane Vault | 2 | |
| Lumber Mill | 2 | |
| Scout Tower | 140 | |
| Arcane Tower | 18 | |
| Town Hall | 4 | |
| Guard Tower | 45 | |
| Keep | 2 | |
| Blacksmith | 1 | |
| Castle | 2 | |
| Arcane Sanctum | 1 | |
| Barracks | 1 | |
| Gryphon Aviary | 5 | |
| Workshop | 1 | |
242 total
» build order
00:05 Altar of Kings
00:23 Farm
00:28 Farm
00:51 Arcane Vault
01:10 Lumber Mill
01:20 Scout Tower
02:01 Arcane Tower
02:23 Scout Tower
02:56 Scout Tower
02:58 Arcane Tower
03:19 Scout Tower
03:54 Farm
03:58 Town Hall
04:01 Guard Tower
04:13 Scout Tower
04:14 Scout Tower
04:35 Scout Tower
04:35 Scout Tower
04:55 Guard Tower
05:03 Guard Tower
05:03 Guard Tower
05:03 Guard Tower
05:03 Guard Tower
05:29 Guard Tower
05:29 Guard Tower
05:52 Scout Tower
05:53 Scout Tower
06:06 Scout Tower
06:06 Scout Tower
06:19 Scout Tower
06:50 Guard Tower
06:53 Scout Tower
06:56 Scout Tower
07:33 Guard Tower
07:34 Keep
07:36 Scout Tower
07:37 Scout Tower
07:44 Scout Tower
07:50 Guard Tower
07:50 Guard Tower
07:58 Guard Tower
08:19 Guard Tower
08:22 Scout Tower
08:24 Scout Tower
08:27 Scout Tower
08:31 Scout Tower
08:31 Scout Tower
08:33 Guard Tower
08:59 Guard Tower
09:16 Blacksmith
09:50 Scout Tower
09:50 Scout Tower
09:52 Scout Tower
09:53 Scout Tower
09:54 Scout Tower
09:55 Scout Tower
09:56 Guard Tower
10:00 Castle
10:04 Scout Tower
10:05 Scout Tower
10:07 Scout Tower
10:08 Scout Tower
10:09 Scout Tower
10:10 Guard Tower
10:33 Arcane Sanctum
10:37 Barracks
10:39 Gryphon Aviary
10:56 Guard Tower
11:24 Gryphon Aviary
11:28 Gryphon Aviary
11:28 Gryphon Aviary
12:31 Farm
12:33 Farm
12:37 Arcane Tower
12:37 Arcane Tower
12:39 Arcane Tower
12:40 Guard Tower
12:41 Arcane Tower
12:43 Arcane Tower
13:49 Farm
16:37 Lumber Mill
17:19 Town Hall
17:22 Scout Tower
17:23 Scout Tower
17:24 Scout Tower
17:24 Scout Tower
17:26 Scout Tower
17:26 Scout Tower
17:27 Scout Tower
17:29 Scout Tower
17:30 Scout Tower
17:31 Scout Tower
17:32 Scout Tower
17:33 Scout Tower
17:34 Scout Tower
17:35 Scout Tower
17:36 Scout Tower
17:37 Scout Tower
17:39 Scout Tower
17:39 Scout Tower
18:06 Guard Tower
18:08 Scout Tower
18:08 Scout Tower
19:23 Guard Tower
19:23 Guard Tower
19:24 Arcane Tower
19:25 Arcane Tower
19:27 Arcane Tower
19:29 Guard Tower
20:00 Guard Tower
20:03 Scout Tower
20:04 Scout Tower
20:12 Guard Tower
21:22 Guard Tower
22:49 Town Hall
22:58 Scout Tower
22:58 Scout Tower
22:59 Scout Tower
23:00 Scout Tower
23:01 Scout Tower
23:01 Scout Tower
23:02 Scout Tower
23:03 Scout Tower
23:03 Scout Tower
23:04 Scout Tower
23:05 Scout Tower
23:08 Scout Tower
23:08 Scout Tower
23:10 Scout Tower
23:11 Scout Tower
23:12 Scout Tower
25:05 Guard Tower
25:35 Scout Tower
25:36 Scout Tower
25:38 Scout Tower
26:29 Guard Tower
26:31 Guard Tower
26:32 Guard Tower
26:33 Arcane Tower
26:34 Arcane Tower
26:38 Guard Tower
27:25 Arcane Tower
27:26 Guard Tower
30:27 Scout Tower
30:28 Scout Tower
30:30 Scout Tower
30:37 Scout Tower
30:39 Scout Tower
31:28 Scout Tower
31:29 Scout Tower
31:31 Scout Tower
31:34 Town Hall
31:37 Scout Tower
31:40 Scout Tower
31:41 Scout Tower
31:42 Scout Tower
31:48 Guard Tower
32:20 Guard Tower
33:02 Guard Tower
33:06 Scout Tower
33:08 Scout Tower
33:09 Scout Tower
33:10 Scout Tower
33:13 Scout Tower
33:14 Scout Tower
33:14 Scout Tower
33:16 Scout Tower
33:19 Scout Tower
33:20 Scout Tower
33:21 Scout Tower
33:21 Scout Tower
33:22 Scout Tower
33:23 Scout Tower
33:25 Scout Tower
33:28 Scout Tower
33:32 Scout Tower
33:33 Scout Tower
33:35 Scout Tower
33:35 Scout Tower
33:36 Scout Tower
33:37 Scout Tower
33:38 Scout Tower
36:34 Arcane Tower
36:35 Arcane Tower
36:37 Arcane Tower
36:38 Guard Tower
36:41 Guard Tower
44:02 Scout Tower
44:02 Scout Tower
44:03 Scout Tower
44:04 Scout Tower
44:05 Scout Tower
44:05 Scout Tower
44:13 Scout Tower
44:14 Scout Tower
44:21 Scout Tower
44:22 Scout Tower
44:24 Scout Tower
49:33 Guard Tower
49:36 Altar of Kings
49:37 Keep
49:44 Arcane Vault
49:55 Scout Tower
49:55 Scout Tower
49:56 Scout Tower
49:58 Scout Tower
49:59 Scout Tower
50:01 Scout Tower
50:51 Workshop
50:54 Guard Tower
50:55 Guard Tower
53:28 Castle
53:32 Farm
54:06 Farm
54:07 Farm
54:09 Farm
54:11 Farm
54:17 Farm
54:24 Arcane Tower
54:30 Scout Tower
54:31 Scout Tower
54:33 Scout Tower
54:34 Scout Tower
54:35 Scout Tower
54:37 Scout Tower
55:07 Scout Tower
55:11 Scout Tower
55:14 Scout Tower
57:00 Guard Tower
58:20 Scout Tower
58:21 Scout Tower
58:22 Scout Tower
58:29 Farm
58:31 Farm
59:47 Guard Tower
60:29 Gryphon Aviary
60:31 Farm
60:33 Farm
» items
| Lesser Clarity Potion | 6 | |
| Mechanical Critter | 7 | |
| Scroll of Regeneration | 7 | |
| Scroll of Town Portal | 2 | |
| Potion of Mana | 1 | |
| Potion of Healing | 2 | |
| Boots of Speed | 3 | |
| Periapt of Vitality | 2 | |
| Staff of Teleportation | 3 | |
| Staff of Sanctuary | 2 | |
| Orb of Fire | 1 | |
36 total
Chat log
(23:32 / All) Mr.Mister: no dont do that
(23:34 / All) Mr.Mister: it isnt going to work
(23:43 / All) Mr.Mister: its a really bad idea
(24:05 / All) Mr.Mister: i warned you.
(24:13 / All) Mr.Mister: but did you listen?
(24:17 / All) Mr.Mister: now youre going to ragequit
(24:26 / All) Mr.Mister: no one to blame but yourself
(24:35 / All) Mr.Mister: noobs these days...
(24:54 / All) zissou: are you always annoying?
(24:56 / All) Mr.Mister: so, the point of seige weapons is to NOT lose units to towers
(25:10 / All) Mr.Mister: do you have a learning disability?
(25:14 / All) Mr.Mister: genuine question
(25:47 / All) Mr.Mister: take your time responding. i know it's a lot to read.
(27:31 / All) Mr.Mister: normally this is where a player would leaev
(27:33 / All) Mr.Mister: *leave
(27:40 / All) Mr.Mister: but apparently you're too angry to leave :D
(32:29 / All) Mr.Mister: wow youre finally taking your expansion
(32:31 / All) Mr.Mister: at the 30 minute mark
(32:44 / All) Mr.Mister: and you didnt kill my mechanical critter scout
(32:55 / All) Mr.Mister: finally.
(34:03 / All) Mr.Mister: Let's see if he does the smart thing and builds an economy...
(34:11 / All) Mr.Mister: Or makes the exact same seige army and fails with it a second time.
(34:36 / All) Mr.Mister: The suspense is killing me.
(34:46 / All) Mr.Mister: By that I mean barely affecting me because I know what he's going to do.
(35:09 / All) Mr.Mister: Oh look, siege weapons and aboms again. I'm so overwhelmed with shock
(35:25 / All) Mr.Mister: i have an invisible archmage next to your army. Try to find it!
(35:42 / All) Mr.Mister: just impale randomly, I'll tell you when you get warmer.
(35:54 / All) Mr.Mister: There he is!
(36:06 / All) Mr.Mister: He's going to visit your base since you're taking so long to attack
(36:18 / All) Mr.Mister: Wow you left a robe of the magi behind
(36:49 / All) Mr.Mister: That won't work>
(36:56 / All) Mr.Mister: Told you.
(37:38 / All) Mr.Mister: Are you seriously making more siege?
(37:48 / All) Mr.Mister: Wow yes you are.
(38:14 / All) Mr.Mister: The definition of noobity is trying the same thing and expecting a different result.
(38:33 / All) Mr.Mister: Tell you what I'll leave you alone with all the gold mine on the mainland
(38:44 / All) Mr.Mister: That's six for ya
(39:50 / All) Mr.Mister: Do you even know what upkeep is?
(41:05 / All) Mr.Mister: Of course the SMART thing would be to stay under upkeep, take all of the expansions, and build up a decent sized force.
(41:26 / All) Mr.Mister: But that requires doing math. Or skill. Or strategic abilities. One of the three
(42:06 / All) Mr.Mister: WOW
(42:13 / All) Mr.Mister: You never put acolytes in that gold mine
(42:19 / All) Mr.Mister: I just...wow.
(42:40 / All) Mr.Mister: And now going for frost wyrms on one base.
(42:53 / All) Mr.Mister: There's some free experience
(42:57 / All) Mr.Mister: Let's see if you can use it.
(44:41 / All) Mr.Mister: So you see that thing in the top right corner of your screen?
(45:09 / All) Mr.Mister: There's a nice little tooltip that tells a bad player he's gone into upkeep for no reason.
(45:25 / All) Mr.Mister: Kind of like the light that comes on in your car because you failed to notice oil gushing out of the engine.
(45:47 / All) Mr.Mister: You would be economically favorable to kill your own abominations and remake them once you've saved gold.
(46:31 / All) Mr.Mister: And we have a grand total of [ONE] frost wyrms!
(48:16 / All) Mr.Mister: Now bracing for the ragequit
(48:50 / All) Mr.Mister: Did you ever, um...you know think about going AROUND the towers?
(49:14 / All) Mr.Mister: Congrats you made it into the base
(49:20 / All) Mr.Mister: You're such a good boy I'll let you stay for a while.
(50:19 / All) Mr.Mister: I can't help noticing that you're still only on one gold mine
(52:42 / All) Mr.Mister: And zissou loses ANOTHER frost wyrm to towers
(53:51 / All) Mr.Mister: The base falls, but was it really worth it?
(57:17 / All) Mr.Mister: Well it's been a good game, only a few buildings left.
(57:51 / All) Mr.Mister: We'd like to say thanks to zissou for finally managing to tear down an immobile, undefended base after a hour game
(57:57 / All) Mr.Mister: Vs a player with no army.
(59:09 / All) Mr.Mister: A moment as he congratulates himself on a win he has well earned.
(60:59 / All) Mr.Mister: Oh that's a bad idea
(61:29 / All) Mr.Mister: You REALLY wanted to kill those farms huh?